 Dungeon Sprint DCSS version 0.31-a0-174-g85c54bcb58 (webtiles) character file.

Game seed: 5408780584725294466

1243 sircluck the Unseen (level 8, 0/52 HPs)
             Began as a Kobold Brigand on June 15, 2023.
             Was a Follower of Dithmenos.
             Slain by Sonja
             ... wielding a +2 short sword of venom
              (12 damage)
             ... in the Dungeon (Sprint I: "Red Sonja").
             The game lasted 00:01:27 (191 turns).

sircluck the Unseen (Kobold Brigand)                 Turns: 191, Time: 00:01:28

Health: 0/52       AC:  4    Str:  9    XL:     8   Next: 79%
Magic:  8/8        EV: 15    Int: 12    God:    Dithmenos [*.....]
Gold:   416        SH:  0    Dex: 18    Spells: 7/7 levels left

rFire   . . .        a - +2 dagger
rCold   . . .        (no shield)
rNeg    . . .        m - +0 leather armour
rPois   .            (no helmet)
rElec   .            c - +0 cloak
rCorr   .            (no gloves)
SInv    .            (no boots)
Will    .....        (no amulet)
Stlth   ++++++++++   (no ring)
HPRegen 0.28/turn    (no ring)
MPRegen 0.11/turn

%: no teleportation
@: wreathed by umbra
A: small, no large weapons, nightstalker 3
a: Renounce Religion


You were in the Dungeon.
You worshipped Dithmenos.
Dithmenos was aware of your devotion.
You visited 1 branch You collected 416 gold pieces.

Inventory:

Hand Weapons
 a - a +2 dagger (weapon)
Missiles
 d - 9 poisoned darts (quivered)
 e - 3 curare-tipped darts
Armour
 b - a +0 robe
 c - a +0 cloak (worn)
 m - a +0 leather armour (worn)
Wands
 l - a wand of light (7)
 n - a wand of digging (1)
Scrolls
 k - a scroll of blinking
 o - a scroll of enchant armour {unknown}
Potions
 g - a potion of heal wounds
 h - a potion of haste
 i - 2 potions of magic
 j - a potion of berserk rage


   Skills:
 + Level 6.5 Fighting
 + Level 8.6 Short Blades
 + Level 6.2 Throwing
 + Level 1.4 Armour
 + Level 2.8 Dodging
 + Level 20.9 Stealth
 + Level 0.4 Evocations


You had 7 spell levels left.
You didn't know any spells.
Your spell library was empty.

Dungeon Overview and Level Annotations

Branches:
Dungeon (1/1)

Altars:
Cheibriados
Dithmenos
Elyvilon
Fedhas
Gozag
Hepliaklqana
Kikubaaqudgha
Makhleb
Nemelex Xobeh
Okawaru
Qazlal
Ru
Sif Muna
Trog
Uskayaw
Vehumet
Wu Jian
Xom
Yredelemnul
Zin
The Shining One
Jiyva
Lugonu

Shops:
D (

Annotations:
D Sonja


Innate Abilities, Weirdness & Mutations

You are small and have problems with some larger weapons.
You are completely attuned to the shadows.


Message History

There is an open door here.
There is an open door here.
There is an open door here.
There is an open door here.
There is a shimmering blue altar of Sif Muna here.
You open the door.
Sonja, the Graceful Assassin comes into view.
She is wielding a +2 short sword of venom and quivering curare-tipped darts.
Found 108 gold pieces.
There is an open door here.
Sonja shouts!
Sonja hits you with a +2 short sword of venom!
You are poisoned.
Sonja hits you with a +2 short sword of venom.
You are more poisoned.
Sonja closely misses you.
Sonja hits you with a +2 short sword of venom!
You are lethally poisoned!
Sonja hits you with a +2 short sword of venom.
You are more poisoned.
Sonja barely misses you.
Unknown command.
Unknown command.
You completely miss Sonja.
You feel very sick. Sonja barely misses you.
Sonja hits you with a +2 short sword of venom.
Sonja barely misses you.
You miss Sonja.
You feel very sick.
You miss Sonja.
* * * LOW HITPOINT WARNING * * *
You feel very sick. Sonja closely misses you.
Sonja hits you with a +2 short sword of venom.
* * * LOW HITPOINT WARNING * * *
You are more poisoned.
Sonja closely misses you.
You feel better.
Sonja hits you with a +2 short sword of venom!
You die...

#..#####'#####'#__####)..+
#..####..#...#.#### #####
#..#__####..##.#
#..#_____##'#_.+
#⌠⌠#_.∩...'..._#
####_..__##_.#'#
#_____###'#)#
#########.###


+$@$+ #$K$# ##.## #+# You could see Sonja.

Vanquished Creatures
  2 kobold demonologists (D)
  A slime creature (D)
  Sigmund (D)
  A yak (D)
  A floating eye (D)
  An ogre (D)
  A jelly (D)
  Ijyb (D)
9 creatures vanquished.

Notes
Turn   | Place    | Note
-------+----------+-------------------------------------------
     0 | D        | sircluck the Kobold Brigand began the quest for the Orb.
     0 | D        | Reached XP level 1. HP: 12/12 MP: 1/1
     2 | D        | Noticed Ijyb
     4 | D        | Killed Ijyb
     5 | D        | Reached skill level 8 in Stealth
     5 | D        | Reached XP level 2. HP: 18/18 MP: 2/2
     5 | D        | Reached XP level 3. HP: 22/22 MP: 3/3
    42 | D        | Noticed an ogre
    46 | D        | Killed an ogre
    47 | D        | Reached skill level 12 in Stealth
    47 | D        | Reached XP level 4. HP: 29/29 MP: 4/4
    47 | D        | Reached XP level 5. HP: 33/33 MP: 5/5
    60 | D        | Noticed Sigmund
    64 | D        | Killed Sigmund
    65 | D        | Reached skill level 15 in Stealth
    65 | D        | Reached XP level 6. HP: 40/40 MP: 6/6
    78 | D        | Found an ornate altar of the Wu Jian Council.
    79 | D        | Found a shimmering blue altar of Sif Muna.
    80 | D        | Found a radiant altar of Vehumet.
   118 | D        | Found a hazy altar of Hepliaklqana.
   118 | D        | Found a hide-covered altar of Uskayaw.
   118 | D        | Found an opulent altar of Gozag.
   118 | D        | Noticed a yak
   119 | D        | Found Ipoggib's Antique Weapon Emporium.
   119 | D        | Found a stormy altar of Qazlal.
   119 | D        | Found a blossoming altar of Fedhas.
   119 | D        | Found a bloodstained altar of Trog.
   119 | D        | Found a snail-covered altar of Cheibriados.
   120 | D        | Killed a yak
   121 | D        | Reached skill level 5 in Fighting
   121 | D        | Reached skill level 5 in Throwing
   121 | D        | Reached skill level 17 in Stealth
   121 | D        | Reached XP level 7. HP: 44/44 MP: 7/7
   121 | D        | Found an iron altar of Okawaru.
   121 | D        | Found a sparkling altar of Nemelex Xobeh.
   121 | D        | Found a sacrificial altar of Ru.
   121 | D        | Found a glowing silver altar of Zin.
   122 | D        | Found an ancient bone altar of Kikubaaqudgha.
   122 | D        | Found a basalt altar of Yredelemnul.
   122 | D        | Found a glowing golden altar of the Shining One.
   122 | D        | Found a shadowy altar of Dithmenos.
   122 | D        | Found a white marble altar of Elyvilon.
   129 | D        | Became a worshipper of Dithmenos the Shadowed
   143 | D        | Found a burning altar of Makhleb.
   143 | D        | Found a viscous altar of Jiyva.
   143 | D        | Found a shimmering altar of Xom.
   143 | D        | Found a corrupted altar of Lugonu.
   143 | D        | Noticed a slime creature
   146 | D        | Killed a slime creature
   147 | D        | Reached skill level 1 in Armour
   147 | D        | Reached skill level 18 in Stealth
   158 | D        | Noticed a kobold demonologist
   159 | D        | Noticed a kobold demonologist
   161 | D        | Killed a kobold demonologist
   162 | D        | Reached skill level 19 in Stealth
   162 | D        | Reached XP level 8. HP: 51/51 MP: 8/8
   162 | D        | Reached * piety under Dithmenos
   163 | D        | Reached skill level 20 in Stealth
   164 | D        | Killed a kobold demonologist
   184 | D        | Noticed Sonja
   191 | D        | Slain by Sonja

Illustrated notes

Levels and vault maps discovered:
D:        dungeon_sprint_1 [red_sonja_temple_1, red_sonja_temple_small_1]

Skill      XL: |  1  2  3  4  5  6  7  8 |
---------------+-------------------------+-----
Short Blades   | 3 4 6 7 8 |  8.6
Stealth        | 8 12 15 17 19 20 | 20.9
Fighting       | 3 4 5 6 |  6.5
Throwing       | 3 4 5 6 |  6.2
Dodging        | 2 |  2.8
Armour         | 1 |  1.4
Evocations     | |  0.4

Action                     |  1- 3 |  4- 6 |  7- 9 || total
---------------------------+-------+-------+-------++-------
  Melee: Dagger            |     4 |     3 |     7 ||    14
  Evoke: Wand              |     1 |       |       ||     1
    Use: Potion            |       |       |     1 ||     1
   Stab: Sleeping          |     1 |     3 |     4 ||     8
         Invisible         |     1 |       |       ||     1
  Dodge: Dodged            |     2 |       |     6 ||     8

Table legend: (Time is in decaauts)
 A = Elapsed time spent in this place.
 B = Non-inter-level travel time spent in this place.
 C = Inter-level travel time spent in this place.
 D = Time resting spent in this place.
 E = Time spent auto-exploring this place.
 F = Levels seen in this place.
 G = Mean time per level.
                   A        B        C        D        E       F      G
               +--------+--------+--------+--------+--------+-----+--------+
         Total |    186 |    159 |     27 |      0 |     12 |   1 |  186.0 |
       Dungeon |    186 |    159 |     27 |      0 |     12 |   1 |  186.0 |
               +--------+--------+--------+--------+--------+-----+--------+

Top non-repeatable levels by time:
       D: 186 daAuts
